 Dungeon Crawl Stone Soup version 0.27.1-34-g3ba077fa99 (webtiles) character file.

Game seed: 9451901539066810892

10581 Karpo the Covert (level 11, -3/55 HPs)
             Began as a Spriggan Enchanter on Jan 25, 2022.
             Was a Priest of Dithmenos.
             Slain by a blizzard demon (8 damage)
             ... in a Gauntlet.
             The game lasted 01:15:29 (19635 turns).

Karpo the Covert (Spriggan Enchanter)              Turns: 19635, Time: 01:15:30

Health: -3/55      AC: 10    Str:  4    XL:     11   Next: 38%
Magic:  16/21      EV: 25    Int: 21    God:    Dithmenos [***...]
Gold:   278        SH:  5    Dex: 19    Spells: 5/22 levels left

rFire    . . .     SeeInvis +   F - +2 dagger (drain)
rCold    . . .     Faith    .   (shield restricted)
rNeg     . . .     Spirit   .   I - +0 steam dragon scales
rPois    +         Reflect  +   L - +2 hat
rElec    +         Harm     .   y - +2 cloak "Ikkiq" {Fly rPois Int+4}
rCorr    .         Rampage  .   (gloves unavailable)
Will     +....     NoTele   +   (boots unavailable)
Stlth    ++++++++..             s - amulet of Piug {Reflect rElec SH+5}
HPRegen  0.18/turn              (no ring)
MPRegen  0.17/turn              (no ring)

@: flying, wreathed by umbra, very quick
A: very small, no large weapons, unfitting armour, see invisible, speed 3
a: Renounce Religion, Shadow Step


You were in a Gauntlet.
You worshipped Dithmenos.
Dithmenos was most pleased with you.
You visited 2 branches of the dungeon, and saw 13 of its levels.
You also visited: Ossuary and Gauntlet.

You collected 762 gold pieces.
You spent 484 gold pieces at shops.

Inventory:

Hand Weapons
 a - a +2 dagger of draining
 g - a +0 short sword of draining
 k - a +0 dagger of speed
 F - a +2 dagger of draining (weapon)
 G - a +0 dagger of venom
 S - the +7 shortbow of the Wizarding Oracle {venom, rElec rC+ Dex+5}
   (You found it in a Gauntlet)

   Any ammunition fired from it poisons the flesh of those it strikes.
   Dex:       It affects your dexterity (+5).
   rC:        It protects you from cold.
   rElec:     It insulates you from electricity.
Missiles
 K - a throwing net
Armour
 b - a +1 robe
 y - the +2 cloak "Ikkiq" (worn) {Fly rPois Int+4}
   (You found it in a Gauntlet)

   Int:       It affects your intelligence (+4).
   rPois:     It protects you from poison.
   Fly:       It grants you flight.
 I - +0 steam dragon scales (worn)
 L - a +2 hat (worn)
 N - the +3 hat of Pondering {ponderous, Will+ MP+10 Int+5}
   (You took it off Gastronok on level 8 of the Dungeon)

   Int:       It affects your intelligence (+5).
   MP:        It affects your magic capacity (+10).
   Will:      It increases your willpower.
 Q - +0 acid dragon scales
Jewellery
 j - an amulet of magic regeneration
 s - the amulet of Piug (around neck) {Reflect rElec SH+5}
   (You bought it in a shop on level 1 of the Dungeon)

   [amulet of reflection]

   It reflects blocked missile attacks.
   rElec:     It insulates you from electricity.
   SH:        It affects your SH (+5).
 T - an amulet of regeneration
Wands
 l - a wand of digging (11)
 m - a wand of flame (35)
 P - a wand of polymorph (6)
Scrolls
 c - a scroll of holy word
 n - a scroll of immolation
 p - 2 scrolls of noise
 q - 2 scrolls of enchant armour
 r - 3 scrolls of teleportation
 u - 3 scrolls of summoning
 w - 3 scrolls of acquirement
 x - 5 scrolls of enchant weapon
 B - 2 scrolls of amnesia
 C - a scroll of torment
 M - 3 scrolls of fog
 O - a scroll of vulnerability
 R - a scroll of identify
Potions
 d - 6 potions of curing
 e - a potion of lignification
 f - a potion of resistance
 h - a potion of magic
 i - 2 potions of degeneration {unknown}
 o - 3 potions of flight
 t - a potion of might {unknown}
 v - a potion of brilliance {unknown}
 z - 2 potions of haste {unknown}
 A - 2 potions of cancellation {unknown}
 D - a potion of invisibility {unknown}
 E - a potion of mutation {unknown}
 H - 3 potions of heal wounds {unknown}
Miscellaneous
 J - a lightning rod (4/4)


   Skills:
 + Level 5.0 Fighting
 + Level 9.6 Short Blades
 + Level 10.2 Dodging
 + Level 13.7 Stealth
 - Level 6.0 Spellcasting
 + Level 9.8 Hexes


You had 5 spell levels left.
You knew the following spells:

 Your Spells              Type           Power      Damage    Failure   Level
a - Invisibility          Hex            23%        N/A       26%         6
b - Ensorcelled Hibernat  Hex/Ice        54%        N/A       1%          2
c - Confusing Touch       Hex            47%        N/A       1%          3
d - Tukima's Dance        Hex            47%        N/A       1%          3
e - Dazzling Flash        Conj/Hex       54%        N/A       3%          3

Your spell library contained the following spells:

 Spells                   Type           Power      Damage    Failure   Level
 Corona                   Hex            52%        N/A       1%          1
 Magic Dart               Conj           24%        1d4       10%         1
 Shock                    Conj/Air       24%        1d4       10%         1
 Fulminant Prism          Conj/Hex       13%        3d9       13%         4
 Passwall                 Tmut/Erth      5%         N/A       14%         2
 Searing Ray              Conj           12%        3d3       14%         2
 Swiftness                Air            6%         N/A       28%         3
 Yara's Violent Unravell  Hex/Tmut       13%        3d7       34%         5
 Airstrike                Air            3%         N/A       67%         4
 Passage of Golubria      Tloc           N/A        N/A       67%         4
 Summon Forest            Summ/Tloc      3%         N/A       95%         5
 Conjure Ball Lightning   Conj/Air       3%         3x3d6     100%        6
 Eringya's Noxious Bog    Tmut/Pois      3%         N/A       100%        6
 Summon Hydra             Summ           3%         N/A       100%        7
 Discord                  Hex            23%        N/A       100%        8
 Disjunction              Tloc           3%         N/A       100%        8


Dungeon Overview and Level Annotations

Branches:
Dungeon (12/15)            Temple (1/1) D:5             Orc (0/2) D:10
Ossuary (visited)         Gauntlet (1/1)
   Lair: D:8-11

Altars:
Ashenzari
Cheibriados
Dithmenos
Elyvilon
Fedhas
Gozag
Hepliaklqana
Kikubaaqudgha
Makhleb
Nemelex Xobeh
Okawaru
Qazlal
Ru
Sif Muna
Trog
Uskayaw
Vehumet
Wu Jian
Xom
Yredelemnul
Zin
The Shining One
Beogh

Shops:
D:1 =*(*(   D:4 (   D:10 [

Annotations:
D:8 3 runed translucent doors, crawlogic's ghost, novice FoFi
D:9 1 runed translucent door Gauntlet 2 runed translucent doors, 8 transporters, exclusion: ice statue


Innate Abilities, Weirdness & Mutations

You are very small and have problems with some larger weapons.
You are too small for most types of armour.
You have supernaturally acute eyesight. (SInv)
You cover ground extremely quickly. (Speed+++)


Message History

The blizzard demon hits you but does no damage.
You shred the net and break free! The blizzard demon barely misses you.
The blizzard demon hits you but does no damage.
There is a transporter here.
You enter the transporter and appear at another place.
Cast which spell? (? or * to list)
The blizzard demon is dazzled.
The blizzard demon misses you. x2
You catch the helpless blizzard demon completely off-guard!
You skewer the blizzard demon like a kebab!!!
The blizzard demon is severely wounded.
The blizzard demon gestures at something.
You barely miss the blizzard demon.
The blizzard demon is severely wounded.
You hit the blizzard demon but do no damage.
The blizzard demon is severely wounded.
The blizzard demon misses you. The blizzard demon hits you!
You hit the blizzard demon but do no damage.
The blizzard demon is severely wounded.
The blizzard demon completely misses you. x2
You hit the blizzard demon.
The blizzard demon is severely wounded.
The blizzard demon is no longer blind.
You hit the blizzard demon but do no damage.
The blizzard demon is severely wounded.
The blizzard demon gestures at you. The bolt of lightning hits you. You resist.
* * * LOW HITPOINT WARNING * * *
Casting: Dazzling Flash (dangerous; 3% risk of failure)
Confirm with . or Enter, or press ? or * to list all spells.
The blizzard demon hits you.
* * * LOW HITPOINT WARNING * * *
The blizzard demon completely misses you.
You hit the blizzard demon but do no damage.
The blizzard demon is severely wounded.
It was a potion of flight.
You feel more buoyant. The blizzard demon hits you.
* * * LOW HITPOINT WARNING * * *
The blizzard demon hits you!
You die...

#..#Y#.###.#..##
#..#YYY....#..≈# ##
#..#########..###.#
#..#..........##..#
#..#########..#...#
#..##.#.#.##..#...#
#..#.#.#.#.#.8#.©.#
#..##.#.#.##..#...##.#
#©©#.#.#^#©#.∩#2@....#
#..##.#©#.##..#...####
#..#.#.#.#?#.8#°©°#
#..##.#.#.##..#.°°#
#..#########..#...#
#..#..........##..#
#..#########..###.#
#..#.......#..≈# ##
#..#..####[#..##


You could see a blizzard demon.

Vanquished Creatures
  Gastronok (D:8)
  An ogre mage (D:9)
  A centaur warrior (D:11)
  A komodo dragon (D:10)
  2 hornets (D:9)
  Sigmund (D:3)
  A wraith (D:10)
  12 yaks
  A wyvern (D:9)
  A shadow (D:9)
  A steam dragon (D:8)
  2 water moccasins
  An acid dragon (D:10)
  2 orc warriors
  A necrophage (D:6)
  A sky beast (D:7)
  An ogre (D:5)
  2 centaurs
  A phantom (D:4)
  Blork the orc (D:5)
  2 scorpions
  4 bullfrogs
  A gnoll sergeant (D:8)
  2 wyvern zombies
  9 water moccasin zombies
  5 killer bees
  5 wights
  A howler monkey (D:9)
  A jelly (D:4)
  5 centaur zombies
  2 hounds
  2 bullfrog skeletons
  2 orc priests
  2 iguanas
  10 orc wizards
  2 mummies (Ossuary)
  A hound skeleton (D:4)
  12 gnolls
  2 howler monkey zombies (D:7)
  8 adders
  A river rat (D:3)
  2 white imps
  5 adder zombies (Ossuary)
  2 worms
  A dart slug (D:2)
  37 orcs
  5 bats
  4 endoplasms
  5 giant cockroaches
  10 goblins
  3 hobgoblins
  4 kobolds
  3 quokkas
  A frilled lizard (D:2)
  3 gnoll zombies (Ossuary)
  4 hobgoblin zombies (Ossuary)
  3 kobold zombies (Ossuary)
  5 orc zombies (Ossuary)
  6 rats
217 creatures vanquished.

Vanquished Creatures (collateral kills)
  A two-headed ogre (D:10)
  A wight (D:8)
  A gnoll shaman (D:9)
3 creatures vanquished.

Vanquished Creatures (others)
  A dancing weapon (D:8)
  15 fungi
  26 plants
42 creatures vanquished.

Grand Total: 262 creatures vanquished

Notes
Turn   | Place    | Note
-------+----------+-------------------------------------------
     0 | D:1      | Karpo the Spriggan Enchanter began the quest for the Orb.
     0 | D:1      | Reached XP level 1. HP: 9/9 MP: 5/5
   343 | D:1      | Found Oshruuss's Antique Weapon Boutique.
   407 | D:1      | Found Seyrph's Jewellery Shoppe.
   543 | D:1      | Reached XP level 2. HP: 9/13 MP: 6/6
   546 | D:1      | Learned a level 2 spell: Ensorcelled Hibernation
   633 | D:1      | Found Xumof's General Store.
   645 | D:1      | Reached skill level 5 in Stealth
   711 | D:1      | Found Ycaky's Assorted Antiques.
   734 | D:1      | Found Fuvax's Weapon Emporium.
   990 | D:3      | Found a shadowy altar of Dithmenos.
   996 | D:3      | Became a worshipper of Dithmenos the Shadowed
  1037 | D:1      | Found a faded altar of an unknown god.
  1406 | D:1      | Reached XP level 3. HP: 15/16 MP: 5/8
  1410 | D:1      | Learned a level 3 spell: Confusing Touch
  1681 | D:1      | Reached skill level 6 in Stealth
  2082 | D:2      | Reached XP level 4. HP: 21/21 MP: 6/9
  2304 | D:3      | Noticed Sigmund
  2308 | D:3      | Killed Sigmund
  2309 | D:3      | Reached skill level 7 in Stealth
  2309 | D:3      | Reached XP level 5. HP: 24/24 MP: 10/10
  2553 | D:4      | Noticed an orc warrior
  2557 | D:4      | Reached skill level 8 in Stealth
  2726 | D:3      | Reached XP level 6. HP: 28/28 MP: 11/11
  3149 | D:3      | Reached skill level 5 in Short Blades
  4791 | D:5      | Entered Level 5 of the Dungeon
  5172 | D:5      | Found a basalt altar of Yredelemnul.
  5208 | D:5      | Reached skill level 5 in Hexes
  5208 | D:5      | Reached XP level 7. HP: 32/32 MP: 12/14
  5225 | D:5      | Noticed Blork the orc
  5236 | D:5      | Killed Blork the orc
  5275 | D:5      | Found a staircase to the Ecumenical Temple.
  5308 | D:5      | Found a sand-covered staircase.
  5320 | Ossuary  | Entered an ossuary
  5615 | Ossuary  | Reached * piety under Dithmenos
  6149 | Ossuary  | Reached skill level 1 in Fighting
  6149 | Ossuary  | Reached XP level 8. HP: 26/37 MP: 12/15
  6410 | Temple   | Entered the Ecumenical Temple
  6850 | D:4      | Found a white marble altar of Elyvilon.
  7309 | D:4      | Reached skill level 5 in Dodging
  7425 | D:4      | Reached ** piety under Dithmenos
  7547 | D:4      | Found Atul's Antique Weapon Shop.
  9424 | D:6      | Reached XP level 9. HP: 44/44 MP: 12/16
 10029 | D:7      | Identified the +3 helmet "Qegeg" {rF++}
 10169 | D:7      | Reached skill level 9 in Stealth
 11075 | D:6      | Reached skill level 10 in Stealth
 11368 | D:8      | Noticed Gastronok
 11897 | D:8      | Learned a level 6 spell: Invisibility
 11901 | D:8      | Learned a level 3 spell: Tukima's Dance
 12805 | D:8      | Found a snail-covered altar of Cheibriados.
 12984 | D:8      | Reached skill level 11 in Stealth
 13394 | D:8      | Found a runed translucent gate.
 13421 | D:8      | Found a glowing golden altar of the Shining One.
 13445 | D:8      | Found a runed translucent gate.
 13445 | D:8      | Noticed crawlogic's ghost (novice FoFi)
 13446 | D:8      | Found a runed translucent gate.
 13449 | D:8      | Found the +1 cloak of Starlight {*Dazzle EV+4 Stlth--}
 13864 | D:10     | Entered Level 10 of the Dungeon
 14206 | D:9      | Reached skill level 12 in Stealth
 14432 | D:9      | Reached XP level 10. HP: 28/49 MP: 14/17
 14767 | D:9      | Found a shimmering altar of Xom.
 14767 | D:9      | Found a stormy altar of Qazlal.
 15183 | D:9      | Reached *** piety under Dithmenos
 15321 | D:9      | Reached skill level 5 in Spellcasting
 15407 | D:9      | Noticed a wolf spider
 15407 | D:9      | Noticed a stone giant
 15407 | D:9      | Noticed a salamander
 15424 | D:9      | Noticed a centaur warrior
 15439 | D:9      | Noticed a boulder beetle
 15440 | D:9      | Found a runed translucent door.
 15442 | D:9      | Noticed an ice dragon
 15554 | D:9      | Found an opulent altar of Gozag.
 16023 | D:9      | Noticed a moth of wrath
 16074 | D:10     | Identified 3 scrolls of acquirement
 16381 | D:1      | Bought the amulet of Piug {Reflect rElec SH+5} for 484 gold
                  | pieces
 16740 | D:10     | Learned a level 3 spell: Dazzling Flash
 17096 | D:8      | Killed Gastronok
 17097 | D:8      | Reached skill level 13 in Stealth
 17196 | D:9      | Noticed a swamp dragon
 17602 | D:10     | Found Hoekuad's Armour Boutique.
 17721 | D:10     | Reached XP level 11. HP: 44/54 MP: 19/21
 17785 | D:10     | Found a staircase to the Orcish Mines.
 17819 | D:10     | Noticed a two-headed ogre
 17843 | D:10     | Killed a two-headed ogre
 18082 | D:10     | Found a burning altar of Makhleb.
 18082 | D:10     | Noticed a cacodemon
 18121 | D:10     | Noticed an ogre mage
 18383 | D:10     | Paralysed by an ogre mage for 6 turns
 18430 | D:9      | Killed an ogre mage
 18547 | D:11     | Found a gate leading to a gauntlet.
 18551 | D:11     | Noticed a centaur warrior
 18817 | D:11     | Killed a centaur warrior
 18818 | D:11     | Reached skill level 10 in Dodging
 18824 | D:11     | Reached skill level 5 in Fighting
 18840 | Gauntlet | Entered a Gauntlet
 18840 | Gauntlet | Found a runed translucent door.
 18840 | Gauntlet | Found a transporter.
 18840 | Gauntlet | Found a runed translucent door.
 18840 | Gauntlet | Found a transporter.
 18956 | Gauntlet | Found a transporter.
 18956 | Gauntlet | Found a transporter.
 18988 | Gauntlet | Found a transporter.
 18989 | Gauntlet | Found a transporter.
 18992 | Gauntlet | Found a transporter.
 18992 | Gauntlet | Found a transporter.
 18994 | Gauntlet | Noticed a ghost crab
 19005 | Gauntlet | Found a transporter.
 19020 | Gauntlet | Noticed a blizzard demon
 19021 | Gauntlet | Found a transporter.
 19030 | Gauntlet | Noticed a dire elephant
 19031 | Gauntlet | Found a transporter.
 19045 | Gauntlet | Found a transporter.
 19064 | Gauntlet | Found a transporter.
 19076 | Gauntlet | Found a transporter.
 19202 | Gauntlet | Identified the +2 cloak "Ikkiq" {Fly rPois Int+4}
 19387 | Gauntlet | Identified the +7 shortbow of the Wizarding Oracle {venom,
                  | rElec rC+ Dex+5}
 19635 | Gauntlet | Slain by a blizzard demon

Illustrated notes

Levels and vault maps discovered:
D:1:      eino_arrival_druids_welcome, layout_basic,
          shapermc_ecumenical_altar_acropolis, serial_shops,
          nicolae_diamond_shop, nicolae_shop_competitors_out_of_business,
          nicolae_shop_behind_doors, shop_statue, shop,
          chequers_serial_rivers_room_b, minmay_pentomino_w2
D:2:      layout_rooms, minivault_26
D:3:      layout_loops_corners, mainiacjoe_overflow_cross_hatched,
          gup_sewer_entry_spiral, uniq_sigmund
D:4:      layout_basic, mainiacjoe_overflow_paths, serial_shops,
          nicolae_shop_behind_doors
D:5:      layout_cave_pools, mainiacjoe_overflow_small_starburst,
          temple_fountains, nicolae_ossuary_entry_plus, uniq_blork_the_orc
D:6:      layout_layer_cave, hangedman_abyss_or_decor_slice,
          chequers_serial_rivers_small_3
D:7:      layout_loops_corners
D:8:      layout_layer_cave, nicolae_overflow_hidden_temple,
          cheibrodos_worm_habitat, biasface_ghost_orc_armoury, uniq_gastronok
D:9:      minmay_gate_of_8, layout_basic, mainiacjoe_overflow_alcove_2,
          grunt_temple_overflow_open, st_stairs_1, minmay_between
D:10:     layout_cave_pools, makhleb_altar_promises_db, orc_0_dummy,
          nicolae_take_the_stairs, minmay_librarian
D:11:     layout_cave_pods, grunt_lair_entry_orc_guard_hut,
          gauntlet_entry_generic, enter_bailey_1, chequers_garden,
          minmay_misc_feat_encased, water_boxes_lemuel
D:12:     mludivico_vault, layout_gridville, serial_shops, kennysheep_mini,
          uniq_psyche
Temple:   cyrus_circular_temple
Gauntlet: gammafunk_gauntlet_mixed_choke_point
          [minmay_gauntlet_arena_77_broken_ladder,
          minmay_gauntlet_arena_77_cramped,
          minmay_gauntlet_arena_77_chump_sandwich,
          gammafunk_gauntlet_arena_hedges,
          minmay_gauntlet_arena_77_hold_the_fort,
          minmay_gauntlet_arena_77_checkered,
          minmay_gauntlet_arena_77_block_sizes, gauntlet_exit_spiral]

Skill      XL: |  1  2  3  4  5  6  7  8  9 10 11 |
---------------+----------------------------------+-----
Stealth        | 5 6 7 8 12 13 | 13.7
Short Blades   | 2 3 4 5 8 9 |  9.6
Spellcasting   | 4 6 |  6.0
Hexes          | 5 8 9 |  9.8
Dodging        | 3 8 9 10 | 10.2
Fighting       | 1 3 4 5 |  5.0

Action                   |  1- 3 |  4- 6 |  7- 9 | 10-12 || total
-------------------------+-------+-------+-------+-------++-------
Melee: Dagger            |    79 |   137 |   694 |   289 ||  1199
 Cast: Ensorcelled Hiber |     4 |    26 |    40 |    36 ||   106
       Confusing Touch   |       |       |    17 |     6 ||    23
       Tukima's Dance    |       |       |     2 |     4 ||     6
       Dazzling Flash    |       |       |       |     9 ||     9
       Invisibility      |       |       |       |     4 ||     4
  Use: Scroll            |       |     7 |       |    10 ||    17
       Potion            |       |       |       |     2 ||     2
 Stab: Sleeping          |    10 |    19 |    52 |    11 ||    92
       Distracted        |       |     2 |     2 |       ||     4
       Confused          |       |       |    18 |     5 ||    23
       Invisible         |       |       |       |    12 ||    12
Armor: Robe              |     4 |    16 |    27 |       ||    47
       Steam dragon scal |       |       |    15 |    21 ||    36
Dodge: Dodged            |    55 |    93 |   519 |   209 ||   876
Block: Other             |       |       |       |    24 ||    24
